 Dungeon Crawl Stone Soup version 0.31-a0-204-g7da18cac08 (webtiles) character file.

Game seed: 10669688978814859686

83 porpoise the Shooter (level 4, -1/27 HPs)
             Began as a Tengu Hunter on June 28, 2023.
             Slain by an adder (3 damage)
             ... on level 3 of the Dungeon.
             The game lasted 00:05:29 (1716 turns).

porpoise the Shooter (Tengu Hunter)                 Turns: 1716, Time: 00:05:29

Health: -1/27      AC:  4    Str: 11    XL:     4   Next: 44%
Magic:  5/5        EV: 12    Int: 10    God:
Gold:   105        SH:  0    Dex: 19    Spells: 3/3 levels left

rFire   . . .        a - +0 shortbow
rCold   . . .        (shield currently unavailable)
rNeg    . . .        c - +1 leather armour
rPois   .            (helmet restricted)
rElec   .            (no cloak)
rCorr   .            (no gloves)
SInv    .            (boots unavailable)
Will    .....        (no amulet)
Stlth   ++           (no ring)
HPRegen 0.24/turn    (no ring)
MPRegen 0.09/turn

%: no passive effects
@: lethally poisoned (-1 -> -5)
A: beak, talons 3
a: no special abilities


You were on level 3 of the Dungeon.
You visited 1 branch of the dungeon, and saw 3 of its levels.

You collected 105 gold pieces.

Inventory:

Hand Weapons
 a - a +0 shortbow (weapon)
 b - a +0 dagger of venom
Armour
 c - a +1 leather armour (worn)
Scrolls
 d - a scroll of fog {unknown}
 e - a scroll of identify
 f - a scroll of butterflies
 i - 2 scrolls of enchant armour
Potions
 g - 4 potions of curing
 h - a potion of degeneration {unknown}
 j - a potion of haste {unknown}
 l - a potion of resistance {unknown}
 m - 2 potions of cancellation {unknown}


   Skills:
 + Level 2.8 Fighting
 * Level 5.4 Ranged Weapons
 - Level 2.1 Dodging
 + Level 2.3 Stealth


You had 3 spell levels left.
You didn't know any spells.
Your spell library contained the following spells:

 Spells                   Type           Power      Damage    Failure   Level
 Kiss of Death            Conj/Necr      0%         2d5       45%         1
 Sandblast                Erth           0%         2d4       45%         1
 Slow                     Hex            0%         N/A       45%         1
 Passwall                 Tmut/Erth      0%         N/A       58%         2
 Confusing Touch          Hex            0%         N/A       83%         3
 Stone Arrow              Conj/Erth      0%         3d7       83%         3
 Vampiric Draining        Necr           0%         2d6       83%         3


Dungeon Overview and Level Annotations

Branches:
Dungeon (3/15)

Altars:
Okawaru

Shops:
D:1 [![=

Portals:
Sewer: D:3

Annotations:
D:3 1 transporter


Innate Abilities, Weirdness & Mutations

You have a beak for a mouth.
You have claws for feet.


Message History

The arrow hits the adder.
The adder is heavily wounded.
The adder misses you.
You shoot an arrow.
The arrow hits the adder but does no damage.
The adder bites you. The adder closely misses you.
You shoot an arrow. The arrow hits the adder.
The adder is heavily wounded.
The adder bites you but does no damage.
The giant cockroach waves its antennae.
You shoot an arrow. The arrow closely misses the adder.
The arrow barely misses the adder.
The arrow closely misses the adder.
The adder bites you. x2
You are poisoned.
The adder poisons you!
You shoot an arrow. The arrow hits the adder!
You kill the adder!
You feel sick. The adder bites you.
You are more poisoned.
The adder poisons you!
You shoot an arrow. The arrow misses the adder. x2
The arrow completely misses the giant cockroach.
You feel very sick. The adder misses you.
You shoot an arrow. The arrow barely misses the adder.
The arrow hits the adder!
The adder is almost dead.
You feel sick. The adder bites you.
* * * LOW HITPOINT WARNING * * *
The adder closely misses you.
You shoot an arrow. The arrow misses the adder.
The arrow hits the adder.
You kill the adder!
* * * LOW HITPOINT WARNING * * *
You feel sick. The adder misses you.
You shoot an arrow. The arrow barely misses the adder.
The arrow hits the giant cockroach.
You kill the giant cockroach!
* * * LOW HITPOINT WARNING * * *
You feel sick. The adder bites you.
You die...

PP..####..#...............#####
..........................#...#
..g.##...##..............##...#
.<............)...#.....###...#
..........)..###.###.######...#
.....##'##B..# #..............##
###..#~~~#...# #................
#.).#~~~#...###.)........#...##
.....#~∩~#...†S@..........#.)...
####.#~~~#.#####...........†....
#.#~~~#.# #...........##...
..#####.# #...........#....
........# ##.#..........._.
.####.. #.#........#....
#...........##...
#.#..............
.................)


You could see an adder.

Vanquished Creatures
  3 adders (D:3)
  A dart slug (D:3)
  4 ball pythons
  5 endoplasms
  3 giant cockroaches
  8 goblins
  6 hobgoblins
  2 jackals (D:1)
  3 kobolds
  A quokka (D:1)
  4 bats
  5 frilled lizards
  5 rats
50 creatures vanquished.

Notes
Turn   | Place    | Note
-------+----------+-------------------------------------------
     0 | D:1      | porpoise the Tengu Hunter began the quest for the Orb.
     0 | D:1      | Reached XP level 1. HP: 12/12 MP: 2/2
    12 | D:1      | Found Beq Pehe's Distillery.
   105 | D:1      | Reached XP level 2. HP: 17/17 MP: 3/3
   303 | D:1      | Found Lefraymn's Armour Shoppe.
   493 | D:1      | Found Uqaup's Jewellery Emporium.
   615 | D:1      | Reached XP level 3. HP: 22/22 MP: 4/4
   728 | D:1      | Found Xelu's Armour Shoppe.
   920 | D:2      | Reached skill level 5 in Ranged Weapons
   983 | D:2      | Found a faded altar of an unknown god.
   993 | D:2      | Got Plato's Grimoire of Cadavers
  1570 | D:3      | Found a transporter.
  1586 | D:3      | Found an iron altar of Okawaru.
  1612 | D:3      | Reached XP level 4. HP: 27/27 MP: 5/5
  1690 | D:3      | Found a glowing drain.
  1716 | D:3      | Slain by an adder

Illustrated notes

Levels and vault maps discovered:
D:1:      lightli_arrival_lavapool, layout_basic, serial_shops, shop, shop,
          nicolae_shop_waterfront, nicolae_shop_advertising_works
          [nicolae_subvault_shop_adworks], dk_noncrumbling_2,
          serial_bayou_lagoon_a, bh_walls_and_bars
D:2:      layout_loops_ring, shapermc_ecumenical_altar_rom_forum
D:3:      layout_rooms, okawaru_gym_becter, gammafunk_ghost_mausoleum,
          gup_sewer_entry_glass, nicolae_grassy_gnolls

Skill      XL: |  1  2  3 |
---------------+----------+-----
Ranged Weapons | 5 |  5.4
Stealth        | 2 |  2.3
Fighting       | |  2.8
Dodging        | |  2.1

Action                     |  1- 3 |  4- 6 || total
---------------------------+-------+-------++-------
   Fire: Shortbow          |    93 |    19 ||   112
    Use: Scroll            |     5 |       ||     5
 Armour: Leather armour    |     2 |     7 ||     9
  Dodge: Dodged            |     9 |    19 ||    28

Table legend: (Time is in decaauts)
 A = Elapsed time spent in this place.
 B = Non-inter-level travel time spent in this place.
 C = Inter-level travel time spent in this place.
 D = Time resting spent in this place.
 E = Time spent auto-exploring this place.
 F = Levels seen in this place.
 G = Mean time per level.
                   A        B        C        D        E       F      G
               +--------+--------+--------+--------+--------+-----+--------+
         Total |   1740 |   1628 |    112 |      0 |   1292 |   3 |  580.0 |
       Dungeon |   1740 |   1628 |    112 |      0 |   1292 |   3 |  580.0 |
               +--------+--------+--------+--------+--------+-----+--------+

Top non-repeatable levels by time:
     D:1: 908 daAuts
     D:2: 658 daAuts
     D:3: 174 daAuts
